 Dungeon Crawl Stone Soup version 0.21-a0-270-g8204059 (webtiles) character file.

17 zxpr0jk the Scratcher (level 2, -1/14 HPs)
             Began as a Felid Chaos Knight on Sept 14, 2017.
             Slain by an ooze (3 damage)
             ... on level 1 of the Dungeon.
             The game lasted 00:00:31 (299 turns).

zxpr0jk the Scratcher (Felid Chaos Knight)           Turns: 299, Time: 00:00:32

Health: -1/14      AC:  1    Str:  8    XL:     2   Next: 44%
Magic:  3/3        EV: 18    Int: 13    God:    Xom [..*...]
Gold:   8          SH:  0    Dex: 15    Spells: 1/1 levels left
                                        Lives:  0   Deaths: 0

rFire    . . .     SeeInvis +     - Unarmed
rCold    . . .     Gourm    .   (shield unavailable)
rNeg     . . .     Faith    .   (armour unavailable)
rPois    .         Spirit   .   (helmet unavailable)
rElec    .         Reflect  .   (cloak unavailable)
rCorr    .         Harm     .   (gloves unavailable)
MR       .....                  (boots unavailable)
Stlth    ++........             (no amulet)
HPRegen  0.04/turn              (no ring)
MPRegen  0.08/turn              (no ring)

@: quick
A: no armour, no weapons or thrown items, stealth, claws 1, fangs 3, see
invisible, carnivore 3, speed 1, shaggy fur 1, slow metabolism 1, sharp paws
a: Renounce Religion


You were on level 1 of the Dungeon.
You worshipped Xom.
You were a toy of Xom.
You were full.

You visited 1 branch of the dungeon, and saw 1 of its levels.

You collected 8 gold pieces.

Inventory:

Scrolls
 b - a scroll of teleportation {unknown}
Comestibles
 a - a meat ration


   Skills:
 + Level 3.4 Fighting
 - Level 3.2 Dodging
 * Level 3.5 Unarmed Combat


You had one spell level left.
You didn't know any spells.

Dungeon Overview and Level Annotations

Branches:
Dungeon (1/15)

Altars:


Innate Abilities, Weirdness & Mutations

You cannot wear armour.
You are incapable of wielding weapons or throwing items.
Your paws allow you to move quietly. (Stealth)
You have sharp claws.
You have razor-sharp teeth.
You have supernaturally acute eyesight. (SInv)
You are carnivorous and can eat meat at any time.
You cover ground quickly.
You are covered in fur. (AC +1)
You have a slow metabolism.
Your sharp claws are effective at attacking unaware monsters.


Message History

You are too injured to fight recklessly!
You are too injured to fight recklessly!
An ooze is nearby!
You barely miss the ooze. You scratch the ooze.
The ooze is moderately wounded.
The ooze hits you.
* * * LOW HITPOINT WARNING * * *
A shower of butterflies erupts from you!
You scratch the ooze.
The ooze is heavily wounded.
The ooze closely misses you.
You barely miss the ooze.
The ooze is heavily wounded.
The ooze misses you.
You scratch the ooze.
The ooze is severely wounded.
The ooze hits you.
You die... "I guess I need a new plaything now."

..... ...... #..
...... #...
...... #...
###...... .##...
#........ ......#
#.J$..... .##....
#@......b
.......##
##.bb..... b
#...# #...b.....
##.†###.##..b.?.
#..)##.# #.....
##.....# #.###
##.##.# .#
#.##.####.##### #
###.....##.......


You could see an ooze.

Vanquished Creatures
  A dart slug (D:1)
  2 goblins (D:1)
  A hobgoblin (D:1)
  3 frilled lizards (D:1)
  13 rats (D:1)
20 creatures vanquished.

Notes
Turn   | Place    | Note
-------+----------+-------------------------------------------
     0 | D:1      | zxpr0jk the Felid Chaos Knight began the quest for the Orb.
     0 | D:1      | Reached XP level 1. HP: 10/10 MP: 2/2
    31 | D:1      | Reached XP level 2. HP: 14/14 MP: 3/3
   273 | D:1      | XOM: divination: detect creatures
   279 | D:1      | XOM: harmless Erth miscast
   296 | D:1      | XOM: butterfly on damage
   299 | D:1      | Slain by an ooze

Vault maps used:
D:1:      erik_arrival_orb_chamber, kennysheep_nondescript

Action                   || total
-------------------------++-------
Melee: Unarmed           ||    41
       Bite              ||     3
  Eat: Chunk             ||     2
Dodge: Dodged            ||    30

Table legend:
 A = Spawn XP
 B = Non-spawn XP
 C = Spawn XP percentage of total XP
 D = Spawn monster count
 E = Non-spawn monster count
 F = Spawn count percentage of total count
 G = Total turns spent on level
                    A         B        C        D         E        F      G
               +---------+---------+-------+---------+---------+-------+---------
         Total |       0 |      25 |   0.0 |       0 |      20 |   0.0 |   299
               +---------+---------+-------+---------+---------+-------+---------
           D:1 |       0 |      25 |   0.0 |       0 |      20 |   0.0 |   299
               +---------+---------+-------+---------+---------+-------+---------
